 Dungeon Crawl Stone Soup version 0.20.1-1-g8b1a95d (webtiles) character file.

176 Energizer the Chopper (level 5, -3/47 HPs)
             Began as a Hill Orc Abyssal Knight on July 16, 2017.
             Was a Believer of Lugonu.
             Slain by Edmund
             ... wielding a +0 flail of draining
              (9 damage)
             ... on level 5 of the Dungeon.
             The game lasted 00:08:20 (3474 turns).

Energizer the Chopper (Hill Orc Abyssal Knight)     Turns: 3474, Time: 00:08:20

Health: -3/47      AC:  7    Str: 15    XL:     5   Next: 56%
Magic:  6/6        EV: 11    Int: 12    God:    Lugonu [**....]
Gold:   228        SH:  0    Dex: 11    Spells: 4/4 levels left

rFire    . . .     SeeInvis .   a - +1 hand axe
rCold    . . .     Gourm    .   (no shield)
rNeg     . . .     Faith    .   h - +0 swamp dragon scales (curse)
rPois    +         Spirit   .   (no helmet)
rElec    .         Reflect  .   (no cloak)
rCorr    .         Harm     .   (no gloves)
MR       .....                  (no boots)
Stlth    +.........             (no amulet)
Regen    0.2/turn               (no ring)
MPRegen  0.1/turn               (no ring)

@: drained
A: no striking features
a: Depart the Abyss, Bend Space, Renounce Religion


You were on level 5 of the Dungeon.
You worshipped Lugonu.
Lugonu was pleased with you.
You were very hungry.

You visited 1 branch of the dungeon, and saw 5 of its levels.
You visited the Abyss 1 time.

You collected 228 gold pieces.

Inventory:

Hand Weapons
 a - a +1 hand axe (weapon)
Armour
 b - a +0 leather armour
 h - cursed +0 swamp dragon scales (worn)
 o - a +1 helmet
Jewellery
 g - a cursed ring of teleportation {unknown}
 k - an uncursed amulet of regeneration {unknown}
Scrolls
 d - a scroll of blinking {unknown}
 f - 3 scrolls of teleportation {unknown}
 j - a scroll of enchant armour {unknown}
 p - a scroll of magic mapping {unknown}
 r - a scroll of recharging {unknown}
 s - a scroll of remove curse {unknown}
 t - a scroll of identify {unknown}
Potions
 e - 4 potions of haste {unknown}
 l - a potion of brilliance {unknown}
 m - a potion of berserk rage {unknown}
 q - a potion of flight {unknown}
Comestibles
 c - 3 bread rations
 i - 4 meat rations
 n - a royal jelly


   Skills:
 + Level 4.6(4.1) Fighting
 * Level 5.2(4.6) Axes
 + Level 3.2(2.7) Armour
 + Level 1.9(1.4) Dodging
 - Level 2.4(1.9) Invocations


You had 4 spell levels left.
You didn't know any spells.

Dungeon Overview and Level Annotations

Branches:
Dungeon (5/15)
 Temple: D:4-7

Altars:
Fedhas
Qazlal
Trog
Vehumet

Annotations:
D:4 Sigmund
D:5 Edmund


Message History

Found a bloodstained altar of Trog.
There is a stone staircase leading up here.
There are monsters nearby!
You barely miss the hound.
The hound is lightly wounded.
You barely miss Edmund. The hound bites you but does no damage.
Edmund barely misses you.
You slash the hound!
The hound is severely wounded.
You hit Edmund. The hound bites you but does no damage.
The hound closely misses you.
Edmund hits you with a flail of draining.
* * * LOW HITPOINT WARNING * * *
You feel drained.
You hit the hound.
The hound is almost dead.
You barely miss Edmund. The hound bites you but does no damage.
The hound barely misses you.
Edmund hits you with a flail of draining!
You die...

###+####..
#.........
+.@.....#
#@.h...#..
#......#
#......#
#......#
#.#......
._ .......
#. .......


You could see Edmund and a hound.

Vanquished Creatures
  Natasha (twice) (D:3)
  A hound zombie (D:3)
  An adder (D:2)
  A gnoll (D:1)
  An ooze (D:1)
  4 worms
  A dart slug (D:3)
  4 leopard geckos
  5 orcs (D:3)
  2 giant cockroaches
  7 goblins
  11 hobgoblins
  2 jackals (D:1)
  10 kobolds
  A quokka (D:3)
  5 bats
  A frilled lizard (D:2)
  3 rats
62 creatures vanquished.

Notes
Turn   | Place    | Note
-------+----------+-------------------------------------------
     0 | Abyss:1  | Energizer the Hill Orc Abyssal Knight began the quest for the Orb.
     0 | Abyss:1  | Reached XP level 1. HP: 19/19 MP: 2/2
    26 | D:1      | Escaped the Abyss
    57 | D:1      | Reached skill level 1 in Dodging
   138 | D:1      | Reached skill level 3 in Axes
   138 | D:1      | Reached XP level 2. HP: 16/27 MP: 3/3
   292 | D:1      | Reached * piety under Lugonu
   650 | D:1      | Reached XP level 3. HP: 29/33 MP: 4/4
   770 | D:1      | Reached skill level 4 in Axes
  1460 | D:2      | Reached XP level 4. HP: 23/40 MP: 5/5
  1710 | D:2      | Found a stormy altar of Qazlal.
  2158 | D:3      | Found a radiant altar of Vehumet.
  2598 | D:3      | Reached ** piety under Lugonu
  2734 | D:3      | Found a blossoming altar of Fedhas.
  2790 | D:3      | Reached XP level 5. HP: 38/46 MP: 6/6
  2819 | D:3      | Noticed Natasha
  2832 | D:3      | Killed Natasha
  2832 | D:3      | Reached skill level 5 in Axes
  3099 | D:3      | Noticed Natasha
  3109 | D:3      | Killed Natasha
  3421 | D:4      | Noticed Sigmund
  3459 | D:4      | Noticed Edmund
  3471 | D:5      | Entered Level 5 of the Dungeon
  3471 | D:5      | Found a bloodstained altar of Trog.
  3474 | D:5      | Slain by Edmund

Skill      XL: |  1  2  3  4  5 |
---------------+----------------+-----
Dodging        | 1 |  1.9
Axes           | 3 4 5 |  5.2
Fighting       | 4 |  4.6
Armour         | 3 |  3.2
Invocations    | |  2.4

Action                   |  1- 3 |  4- 6 || total
-------------------------+-------+-------++-------
Melee: Hand axe          |   108 |   127 ||   235
Invok: Depart the Abyss  |     1 |       ||     1
  Eat: Chunk             |     2 |     5 ||     7
Armor: Leather armour    |    19 |       ||    19
       Swamp dragon scal |    10 |    59 ||    69
Dodge: Dodged            |    64 |    79 ||   143
